 Dungeon Crawl Stone Soup version 0.31-a0-986-g5e6e4ef867 (webtiles) character file.

Game seed: 1830152924093029451

15953 wildpjah the Carver (level 12, -10/74 HPs)
             Began as a Tengu Monk on Nov 21, 2023.
             Was a High Priest of Dithmenos.
             Mangled by a cyclops (17 damage)
             ... on level 12 of the Dungeon.
             The game lasted 00:22:33 (10907 turns).

wildpjah the Carver (Tengu Monk)                   Turns: 10907, Time: 00:22:34

Health: -10/74     AC: 18    Str: 15    XL:     12   Next: 32%
Magic:  6/13       EV: 20    Int: 11    God:    Dithmenos [*****.]
Gold:   33         SH:  0    Dex: 22    Spells: 11/11 levels left

rFire   + . .        C - +0 great sword of the Beast {freeze, Str+2 Dex+2}
rCold   . . .        (shield currently unavailable)
rNeg    . . .        X - +0 scale mail {rF+}
rPois   .            (helmet restricted)
rElec   .            W - +1 cloak
rCorr   .            U - +2 pair of gloves
SInv    +            (boots unavailable)
Will    .....        (no amulet)
Stlth   ++++         y - +4 ring of protection
HPRegen 0.32/turn    s - ring of see invisible
MPRegen 0.13/turn

%: acrobat
@: flying, slowed, wreathed by umbra, very slow
A: beak, talons 3, evasive flight, acrobatic
a: Renounce Religion, Shadow Step, Shadow Form


You were on level 12 of the Dungeon.
You worshipped Dithmenos.
Dithmenos was extremely pleased with you.
You visited 3 branches of the dungeon, and saw 14 of its levels.

You collected 695 gold pieces.
You spent 662 gold pieces at shops.

Inventory:

Hand Weapons
 a - a +0 falchion
 b - a +2 vampiric dagger
 t - a +0 dagger
 C - the +0 great sword of the Beast (weapon) {freeze, Str+2 Dex+2}
   (You bought it in a shop on level 11 of the Dungeon)

   Str+2:     It affects your strength (+2).
   Dex+2:     It affects your dexterity (+2).
 M - a +9 long sword of holy wrath
 O - a +2 scimitar of flaming
 Q - a +1 great sword
Armour
 i - a scarf of shadows
 B - a +1 leather armour of cold resistance
 P - +0 steam dragon scales
 U - a +2 pair of gloves (worn)
 W - a +1 cloak (worn)
 X - a +0 scale mail of fire resistance (worn)
Jewellery
 s - a ring of see invisible (right hand)
 y - a +4 ring of protection (left hand)
 J - a ring of protection from fire
Wands
 h - a wand of flame (24) (quivered)
 F - a wand of paralysis (14)
 L - a wand of polymorph (12)
 N - a wand of acid (17)
 R - a wand of roots (1)
Scrolls
 d - 2 scrolls of teleportation {unknown}
 e - 2 scrolls of vulnerability {unknown}
 f - 3 scrolls of noise {unknown}
 g - a scroll of torment {unknown}
 k - 3 scrolls of fog {unknown}
 l - 3 scrolls of enchant armour {unknown}
 m - 3 scrolls of immolation {unknown}
 q - 4 scrolls of blinking {unknown}
 u - 3 scrolls of amnesia {unknown}
 w - 5 scrolls of fear {unknown}
 E - 5 scrolls of identify {unknown}
 I - 2 scrolls of revelation {unknown}
 K - a scroll of summoning {unknown}
 T - a scroll of poison {unknown}
Potions
 c - 6 potions of ambrosia
 j - 2 potions of resistance {unknown}
 n - 2 potions of lignification {unknown}
 o - 4 potions of brilliance {unknown}
 r - 2 potions of haste {unknown}
 v - 2 potions of cancellation {unknown}
 x - 3 potions of mutation {unknown}
 z - 3 potions of heal wounds {unknown}
 A - 3 potions of curing
 D - a potion of enlightenment {unknown}
 G - 3 potions of degeneration {unknown}
 H - a potion of berserk rage {unknown}
 V - a potion of might


   Skills:
 + Level 8.3 Fighting
 + Level 1.3(8.7) Short Blades
 + Level 13.3 Long Blades
 * Level 8.6 Armour
 * Level 10.1 Dodging
 + Level 7.7 Stealth
 + Level 1.5 Evocations


You had 11 spell levels left.
You didn't know any spells.
Your spell library contained the following spells:

 Spells                   Type           Power      Damage    Failure   Level
 Sandblast                Erth           0%         2d4       75%         1
 Ensorcelled Hibernation  Hex/Ice        0%         N/A       86%         2
 Passwall                 Tmut/Erth      0%         N/A       86%         2
 Call Canine Familiar     Summ           0%         N/A       98%         3
 Sigil of Binding         Hex            0%         N/A       98%         3
 Stone Arrow              Conj/Erth      0%         3d7       98%         3
 Swiftness                Air            0%         N/A       98%         3
 Brom's Barrelling Bould  Conj/Erth      0%         2d3       100%        4
 Dimensional Bullseye     Hex/Tloc       0%         N/A       100%        4
 Leda's Liquefaction      Hex/Erth       0%         N/A       100%        4
 Lee's Rapid Deconstruct  Erth           0%         3d4*      100%        5
 Bombard                  Conj/Erth      0%         9d1       100%        6


Dungeon Overview and Level Annotations

Branches:
Dungeon (12/15)            Temple (1/1) D:7            Lair (1/5) D:8
    Orc: D:9-12

Altars:
Ashenzari
Cheibriados
Dithmenos
Elyvilon
Fedhas
Gozag
Hepliaklqana
Kikubaaqudgha
Makhleb
Nemelex Xobeh
Okawaru
Qazlal
Ru
Sif Muna
Trog
Uskayaw
Vehumet
Wu Jian
Xom
Yredelemnul
Zin
The Shining One

Shops:
D:7 [(?[(   D:10 ?   D:11 (

Annotations:
D:8 3 transporters


Innate Abilities, Weirdness & Mutations

You have a beak for a mouth.
You have claws for feet.
Your magical flight helps you evade attacks. (EV +4)
You can magically evade attacks while moving or waiting.


Message History

A green ugly thing comes into view.
Josephine completely misses you. The wraith misses you.
The wraith closely misses you.
The wraith hits you but does no damage. x2
You hit Josephine but do no damage. You claw Josephine! You peck Josephine.
Josephine is almost dead.
Your shadow closely misses Josephine.
The yak gores you. The wraith closely misses you.
The wraith hits you but does no damage. The wraith closely misses you.
The wraith barely misses you. Josephine hits you with a +0 dagger.
The cyclops completely misses you.
Unknown command.
You slice Josephine!! You freeze Josephine.
You kill Josephine!
Dithmenos accepts your kill.
The orc priest shouts!
The yak gores you but does no damage.
A slime creature comes into view.
The gargoyle hurls a stone arrow at you.
The stone arrow hits you! The wraith misses you.
The wraith completely misses you. The wraith hits you.
The wraith barely misses you.
The green ugly thing engulfs you but does no damage.
The yak misses you. The wraith closely misses you.
The wraith completely misses you. The wraith misses you.
The wraith completely misses you. The cyclops hits you!
* * * LOW HITPOINT WARNING * * *
You fail to use your ability.
The green ugly thing misses you. The yak completely misses you.
The gargoyle closely misses you. The wraith misses you.
The wraith hits you but does no damage. x2
The wraith barely misses you. The cyclops barely misses you.
The green ugly thing completely misses you.
The wraith completely misses you.
The gargoyle hurls a stone arrow at you.
The stone arrow misses you.
The stone arrow hits the wraith!!
The wraith hits you but does no damage. The wraith closely misses you.
The wraith misses you. The yak closely misses you.
Aiming: Shadow Step
Press: ? - help, Dir - move target, f - orc priest
Aim: an orc priest, wielding a +0 short sword and wearing a +0 chain mail (umbra)
You step into the orc priest's shadow.
The cyclops hits you!
You die...

.##.#######.##.#########.
............##......>....
##......[###.....########
#......######.######
##.....##....#'#....##
......## ...#...#....#
##....#....#.WWW.#....#
#...## .#.DY.WJ.#...#
#...# #...9uC@..# #####
#....W.o..# #.........#
#### #....$.)..# ....
#.........# ####
.#.......#. ..
.$.#.....#... ##
...#...#....#


You could see a green ugly thing, a slime creature, a cyclops, a yak, 5 wraiths,
an acid dragon, a gargoyle and an orc priest.

Vanquished Creatures
  Josephine (D:12)
  A boulder beetle (D:11)
  Erica (D:8)
  A two-headed ogre (D:9)
  3 skeletal warriors (D:11)
  An ugly thing (D:11)
  2 cyclopes
  Joseph (D:7)
  Maggie (D:8)
  2 unseen horrors (D:10)
  2 kobold demonologists (D:12)
  A queen bee (D:9)
  Prince Ribbit (D:8)
  10 yaks
  3 shadows
  2 vampires
  4 wraiths
  A wyvern (D:7)
  2 steam dragons (D:8)
  4 vampire mosquitoes (D:12)
  An acid dragon (D:11)
  A water moccasin (D:6)
  4 ice beasts
  2 sky beasts (D:7)
  2 black bears
  4 orc warriors
  An ogre (D:4)
  3 phantoms
  4 centaurs
  4 kobold brigands
  7 bullfrogs
  4 scorpions
  10 wights
  11 killer bees (D:9)
  A crimson imp (D:5)
  3 howler monkeys
  3 hounds
  3 jellies
  4 orc priests
  Ijyb (D:4)
  Crazy Yiuf (D:7)
  3 sleepcaps (D:7)
  A gnoll bouda (D:9)
  3 iguanas
  13 orc wizards
  A hound zombie (D:4)
  A howler monkey zombie (D:4)
  3 gnolls (D:9)
  7 adders
  A shadow imp (D:8)
  41 orcs
  3 ball pythons
  7 endoplasms
  4 giant cockroaches
  12 goblins
  6 hobgoblins
  4 jackals (D:2)
  3 quokkas
  7 bats
  4 frilled lizards
  20 kobolds
  A quokka zombie (D:4)
  8 rats
271 creatures vanquished.

Vanquished Creatures (others)
  A human (D:6)
1 creature vanquished.

Grand Total: 272 creatures vanquished

Notes
Turn   | Place    | Note
-------+----------+-------------------------------------------
     0 | D:1      | wildpjah the Tengu Monk began the quest for the Orb.
     0 | D:1      | Reached XP level 1. HP: 14/14 MP: 2/2
   261 | D:1      | Reached XP level 2. HP: 19/19 MP: 3/3
   592 | D:1      | Reached XP level 3. HP: 23/23 MP: 4/4
   964 | D:2      | Reached skill level 4 in Long Blades
   965 | D:2      | Found a faded altar of an unknown god.
  1804 | D:3      | Reached XP level 4. HP: 24/28 MP: 5/5
  2482 | D:4      | Reached skill level 1 in Armour
  2482 | D:4      | Reached skill level 1 in Stealth
  2482 | D:4      | Reached XP level 5. HP: 14/32 MP: 6/6
  2579 | D:4      | Found a shadowy altar of Dithmenos.
  2579 | D:4      | Found a glowing silver altar of Zin.
  2586 | D:4      | Noticed an ogre
  2631 | D:4      | Reached skill level 5 in Long Blades
  2664 | D:4      | Became a worshipper of Dithmenos the Shadowed
  2664 | D:4      | Reached * piety under Dithmenos
  2664 | D:4      | Reached ** piety under Dithmenos
  2668 | D:4      | Killed an ogre
  2669 | D:4      | Reached XP level 6. HP: 38/38 MP: 7/7
  2729 | D:4      | Identified the +6 short sword "Orb Guardian's Regret"
                  | {freeze, Str+7}
  2905 | D:4      | Noticed Ijyb
  2924 | D:4      | Killed Ijyb
  3058 | D:4      | Found a bloodstained altar of Trog.
  3162 | D:4      | Reached skill level 6 in Long Blades
  3167 | D:4      | Gained mutation: Your magical flight helps you evade
                  | attacks. (EV +4) [Tengu growth]
  3167 | D:4      | Reached XP level 7. HP: 38/43 MP: 8/8
  3351 | D:5      | Entered Level 5 of the Dungeon
  3531 | D:5      | Found a burning altar of Makhleb.
  3708 | D:5      | Found a sparkling altar of Nemelex Xobeh.
  4273 | D:6      | Found an ancient bone altar of Kikubaaqudgha.
  4276 | D:6      | Noticed a human
  4278 | D:6      | Killed a human
  4291 | D:6      | Found a broken altar of Ashenzari.
  4314 | D:6      | Reached skill level 5 in Dodging
  4314 | D:6      | Reached XP level 8. HP: 46/48 MP: 9/9
  4332 | D:6      | Reached skill level 7 in Long Blades
  4625 | D:6      | Reached skill level 5 in Fighting
  4625 | D:6      | Reached skill level 1 in Short Blades
  4824 | D:6      | Reached *** piety under Dithmenos
  4825 | D:6      | Reached skill level 8 in Long Blades
  5065 | D:7      | Found Pirchastru's Antique Weapon Shop.
  5096 | D:7      | Reached XP level 9. HP: 47/54 MP: 10/10
  5169 | D:7      | Found a staircase to the Ecumenical Temple.
  5178 | Temple   | Entered the Ecumenical Temple
  5248 | D:7      | Bought a glowing long sword for 156 gold pieces
  5258 | D:7      | Found an opulent altar of Gozag.
  5347 | D:7      | Found Tiklieppia's Antique Armour Boutique.
  5537 | D:7      | Noticed Joseph
  5549 | D:7      | Killed Joseph
  5625 | D:7      | Reached skill level 9 in Long Blades
  5641 | D:7      | Found Leezom's Magic Scroll Emporium.
  5646 | D:7      | Bought a scroll of enchant weapon for 90 gold pieces
  5675 | D:7      | Found Tiysinah's Armour Boutique.
  5692 | D:7      | Found Cupnav's Weapon Emporium.
  5717 | D:7      | Reached skill level 5 in Armour
  5729 | D:7      | Found a runed translucent door.
  5730 | D:7      | Noticed Crazy Yiuf
  5741 | D:7      | Killed Crazy Yiuf
  5840 | D:7      | Reached skill level 5 in Stealth
  5887 | D:8      | Noticed Erica
  5896 | D:8      | Killed Erica
  5905 | D:8      | Reached XP level 10. HP: 33/60 MP: 6/11
  6050 | D:8      | Noticed Maggie
  6059 | D:8      | Killed Maggie
  6060 | D:8      | Reached skill level 10 in Long Blades
  6363 | D:8      | Found a transporter.
  6367 | D:8      | Found a transporter.
  6387 | D:8      | Found a transporter.
  6413 | D:8      | Found a transporter.
  6792 | D:8      | Reached skill level 11 in Long Blades
  6869 | D:8      | Noticed Prince Ribbit
  6875 | D:8      | Killed Prince Ribbit
  6997 | D:8      | Found a staircase to the Lair.
  7001 | D:10     | Identified the of Gothow
  7001 | D:12     | Identified the "Wetsean"
  7001 | Lair:1   | Entered Level 1 of the Lair of Beasts
  7321 | D:9      | Found a blossoming altar of Fedhas.
  7345 | D:9      | Noticed a two-headed ogre
  7352 | D:9      | Killed a two-headed ogre
  7468 | D:9      | Reached XP level 11. HP: 66/66 MP: 12/12
  7501 | D:9      | Reached **** piety under Dithmenos
  7677 | D:9      | Found a snail-covered altar of Cheibriados.
  7823 | D:9      | Reached skill level 1 in Evocations
  8100 | D:9      | Noticed a +0 hand axe
  8100 | D:9      | Noticed a +0 dagger
  8113 | D:9      | Found a hide-covered altar of Uskayaw.
  8519 | D:10     | Entered Level 10 of the Dungeon
  8580 | D:10     | Found Muurek's Magic Scroll Shoppe.
  8606 | D:10     | Reached ***** piety under Dithmenos
  8816 | D:10     | Reached skill level 12 in Long Blades
  8942 | D:10     | Found a shimmering blue altar of Sif Muna.
  8983 | D:10     | Noticed a two-headed ogre
  9140 | D:10     | Found a hazy altar of Hepliaklqana.
  9376 | D:11     | Noticed a cyclops
  9389 | D:11     | Killed a cyclops
  9447 | D:11     | Noticed a skeletal warrior
  9455 | D:11     | Killed a skeletal warrior
  9457 | D:11     | Noticed a skeletal warrior
  9514 | D:11     | Noticed a skeletal warrior
  9520 | D:11     | Killed a skeletal warrior
  9527 | D:11     | Killed a skeletal warrior
  9767 | D:11     | Noticed a boulder beetle
  9817 | D:11     | Killed a boulder beetle
  9818 | D:11     | Reached XP level 12. HP: 43/73 MP: 13/13
 10000 | D:11     | Found Jizofiats's Antique Weapon Shoppe.
 10005 | D:11     | Bought a slimy great sword for 241 gold pieces
 10005 | D:11     | Identified the +0 great sword of the Beast {freeze, Str+2
                  | Dex+2} (You bought it in a shop on level 11 of the Dungeon)
 10123 | D:11     | Reached skill level 13 in Long Blades
 10668 | D:7      | Bought a runed scale mail for 175 gold pieces
 10804 | D:12     | Reached skill level 10 in Dodging
 10893 | D:12     | Noticed Josephine
 10905 | D:12     | Killed Josephine
 10907 | D:12     | Mangled by a cyclops

Illustrated notes

Levels and vault maps discovered:
D:1:      lightli_arrival_quake, layout_basic
D:2:      layout_loops_ring, serial_forest, infiniplex_forest_clump_curved,
          infiniplex_forest_end_double, infiniplex_forest_lined_ring,
          infiniplex_forest_end_double, hellmonk_ecumenical_altar_dog_temple,
          amethyst_killhole
D:3:      layout_loops_cross
D:4:      layout_rooms, lemuel_round_altar, mainiacjoe_overflow_catwalk_spiral,
          serial_undead, serial_undead_e, serial_undead_e, serial_undead_c,
          serial_undead_e, uniq_ijyb
D:5:      layout_basic, nicolae_overflow_crystal_walls, makhleb_grotto_becter,
          minmay_misc_feat_x, kennysheep_generic_room_8
D:6:      layout_rooms, cheibrodos_ashenzari_chains, tgw_kikubaaqudgha,
          hangedman_minor_gate_pass
D:7:      layout_basic, lemuel_tele_altar, temple_hall, serial_shops, shop,
          nicolae_shop_window_shopping, nicolae_shop_peninsula,
          nicolae_shop_crystal, nicolae_shop_rolling_square,
          uniq_crazy_yiuf_cottage, uniq_joseph
D:8:      layout_cave_pods, lair_entry_dummy, nicolae_diode_quadrants,
          uniq_maggie, uniq_erica, uniq_prince_ribbit1
D:9:      nicolae_BIG_FREAKIN_CUBE, layout_loops_corners,
          fedhas_bush_and_centaur_altar, general_overflow_altar,
          dancing_weapons_uskayaw, special_room [special_room_bee]
D:10:     layout_roguey, worldfamousw_hep_ancestral_shrine,
          mainiacjoe_overflow_catwalk, serial_shops, nicolae_stop_n_shop_1,
          grunt_decor_clamped
D:11:     layout_cave_pools, serial_shops, nicolae_shop_tiny_real_fake_doors,
          minmay_gold_behind_fungi
D:12:     kennysheep_ambush_hall, layout_loops_ring, david_orc_5,
          trog_ov_bears_minmay, uniq_josephine
Temple:   dpeg_three_leaves_temple
Lair:1:   layout_loops_ring

Skill      XL: |  1  2  3  4  5  6  7  8  9 10 11 12 |
---------------+-------------------------------------+-----
Long Blades    | 4 5 6 8 9 11 12 13 | 13.3
Armour         | 1 2 3 4 5 6 8 |  8.6
Dodging        | 4 5 6 7 8 9 10 | 10.1
Stealth        | 1 2 4 5 6 7 |  7.7
Fighting       | 4 5 6 7 8 |  8.3
Short Blades   | 1 |  1.3
Evocations     | 1 |  1.5

Action                     |  1- 3 |  4- 6 |  7- 9 | 10-12 || total
---------------------------+-------+-------+-------+-------++-------
  Melee: Falchion          |    74 |   121 |   165 |       ||   360
         Kick              |    12 |    38 |    93 |   149 ||   292
         Peck              |     9 |    16 |    57 |    91 ||   173
         Punch             |       |     1 |     5 |     6 ||    12
         Dagger            |       |       |    51 |     6 ||    57
         Long sword        |       |       |    46 |   346 ||   392
         Scimitar          |       |       |       |     5 ||     5
         Great sword       |       |       |       |    48 ||    48
 Invoke: Shadow Step       |       |       |     1 |     2 ||     3
  Evoke: Wand              |       |       |       |    12 ||    12
    Use: Potion            |       |     2 |       |       ||     2
         Scroll            |       |       |     3 |       ||     3
   Stab: Sleeping          |     2 |     1 |    14 |    13 ||    30
 Armour: Robe              |    24 |       |       |       ||    24
         Ring mail         |     3 |    70 |       |       ||    73
         Leather armour    |       |       |    75 |     1 ||    76
         Steam dragon scal |       |       |       |    88 ||    88
         Scale mail        |       |       |       |    30 ||    30
  Dodge: Dodged            |    61 |    68 |   272 |   348 ||   749

Table legend: (Time is in decaauts)
 A = Elapsed time spent in this place.
 B = Non-inter-level travel time spent in this place.
 C = Inter-level travel time spent in this place.
 D = Time resting spent in this place.
 E = Time spent auto-exploring this place.
 F = Levels seen in this place.
 G = Mean time per level.
                   A        B        C        D        E       F      G
               +--------+--------+--------+--------+--------+-----+--------+
         Total |  10829 |  10295 |    534 |    117 |   8143 |  14 |  773.5 |
       Dungeon |  10757 |  10242 |    515 |    117 |   8108 |  12 |  896.4 |
        Temple |      1 |      1 |      0 |      0 |      0 |   1 |    1.0 |
          Lair |     70 |     51 |     19 |      0 |     35 |   1 |   70.0 |
               +--------+--------+--------+--------+--------+-----+--------+

Top non-repeatable levels by time:
     D:9: 1402 daAuts
     D:8: 1275 daAuts
    D:11: 1058 daAuts
     D:7: 958 daAuts
     D:2: 957 daAuts
     D:5: 910 daAuts
     D:4: 891 daAuts
    D:10: 876 daAuts
     D:1: 787 daAuts
     D:6: 782 daAuts
     D:3: 726 daAuts
    D:12: 131 daAuts
  Lair:1: 70 daAuts
  Temple: 1 daAuts
